 Dungeon Crawl Stone Soup version 0.30-a0-964-gd452b5e7fa (webtiles) character file.

Game seed: 17110418647299695274

8 vishdafish the Conjurer (level 2, 19/19 HPs)
             Began as a Demonspawn Conjurer on Mar 30, 2023.
             Quit the game on level 1 of the Dungeon.
             The game lasted 00:00:34 (330 turns).

vishdafish the Conjurer (Demonspawn Conjurer)        Turns: 330, Time: 00:00:35

Health: 19/19      AC:  2    Str:  7    XL:     2   Next: 0%
Magic:  3/5        EV: 12    Int: 19    God:
Gold:   30         SH:  0    Dex: 11    Spells: 4/5 levels left

rFire   . . .      SeeInvis .    (no weapon)
rCold   . . .      Faith    .    (no shield)
rNeg    . . .      Spirit   .    a - +0 robe
rPois   .          Reflect  .    (no helmet)
rElec   .          Rampage  .    (no cloak)
rCorr   .                        (no gloves)
Will    .....                    (no boots)
Stlth   ++                       g - amulet of magic regeneration
HPRegen 0.23/turn                (no ring)
MPRegen 0.49/turn                (no ring)

@: no status effects
A: hooves 1
a: no special abilities


You were on level 1 of the Dungeon.
You visited 1 branch of the dungeon, and saw 1 of its levels.

You collected 30 gold pieces.

Inventory:

Hand Weapons
 e - a +1 antimagic dagger
Armour
 a - a +0 robe (worn)
Jewellery
 g - an amulet of magic regeneration (around neck)
Scrolls
 f - a scroll of enchant weapon {unknown}
 h - a scroll of identify {unknown}
Potions
 b - a potion of magic
 c - a potion of might {unknown}
 d - a potion of mutation {unknown}


   Skills:
 - Level 1.7 Dodging
 - Level 1.7 Stealth
 + Level 2.3 Spellcasting
 + Level 4.2 Conjurations


You had 4 spell levels left.
You knew the following spells:

 Your Spells              Type           Power      Damage    Failure   Level
a - Magic Dart            Conj           72%        1d6       3%          1

Your spell library contained the following spells:

 Spells                   Type           Power      Damage    Failure   Level
 Searing Ray              Conj           36%        2d5       4%          2
 Dazzling Flash           Conj/Hex       20%        N/A       21%         3
 Fulminant Prism          Conj/Hex       5%         3d7       56%         4
 Iskenderun's Mystic Bla  Conj/Tloc      10%        2d4       56%         4


Dungeon Overview and Level Annotations

Branches:
Dungeon (1/15)

Altars:


Innate Abilities, Weirdness & Mutations

You have large cloven feet.


Message History

You feel magic leave you.
e - a +1 antimagic dagger (weapon)
You hit the dart slug.
You kill the dart slug!
A rat comes into view.
The rat moves out of view.
You see here a dart slug corpse.
You feel magic returning to you.
You are now empty-handed.
A rat is nearby!
You are out of magic!
You feel magic leave you.
e - a +1 antimagic dagger (weapon)
A kobold comes into view. It is wielding a +0 whip.
Found a scroll labelled FINIFA JULU.
The kobold shouts!
The rat barely misses you.
The teleport trap disappears.
The kobold disappears!
The kobold moves out of view.
You hit the rat.
You kill the rat!
No target in view!
You feel magic returning to you.
You are now empty-handed.
HP restored.
You see here a rat corpse.
g - an amulet of magic regeneration
h - a scroll labelled FINIFA JULU You start putting on your amulet.
You continue putting on your amulet of magic regeneration. x5
You finish putting on your amulet of magic regeneration.
g - an amulet of magic regeneration (around neck)
A frilled lizard and a hobgoblin come into view.
There are monsters nearby!
There are monsters nearby!
There are monsters nearby!
The magic dart hits the frilled lizard.
You kill the frilled lizard!
You have reached level 2!
You feel monstrous as your demonic heritage exerts itself.
Your demonic ancestry asserts itself...
Your feet thicken and deform.
Are you sure you want to abandon this character and quit the game? (Confirm with "yes".)

## .. ###### ###. ###
#....# #.. # ..# #....#
#.# .##..
..####....######.#......
................@.......
..####....######.#.###g.
..# #....# #.# .# ..#
#....# ... # ### ######
.... ...... .......
###.#....


You could see a hobgoblin.

Vanquished Creatures
  A dart slug (D:1)
  A frilled lizard (D:1)
  2 goblins (D:1)
  A kobold (D:1)
  3 rats (D:1)
8 creatures vanquished.

Notes
Turn   | Place    | Note
-------+----------+-------------------------------------------
     0 | D:1      | vishdafish the Demonspawn Conjurer began the quest for the
                  | Orb.
     0 | D:1      | Reached XP level 1. HP: 13/13 MP: 3/3
   330 | D:1      | Discovered your monstrous ancestry.
   330 | D:1      | Gained mutation: You have large cloven feet. [demonic
                  | ancestry]
   330 | D:1      | Reached XP level 2. HP: 19/19 MP: 3/5
   330 | D:1      | Quit the game

Illustrated notes

Levels and vault maps discovered:
D:1:      lightli_arrival_chessboard, layout_basic, minmay_split_cup_large

Action                     || total
---------------------------++-------
  Melee: Dagger            ||     2
   Cast: Magic Dart        ||     9
  Dodge: Dodged            ||     1

Table legend: (Time is in decaauts)
 A = Elapsed time spent in this place.
 B = Non-inter-level travel time spent in this place.
 C = Inter-level travel time spent in this place.
 D = Time resting spent in this place.
 E = Time spent auto-exploring this place.
 F = Levels seen in this place.
 G = Mean time per level.
                   A        B        C        D        E       F      G
               +--------+--------+--------+--------+--------+-----+--------+
         Total |    327 |    327 |      0 |      0 |    285 |   1 |  327.0 |
       Dungeon |    327 |    327 |      0 |      0 |    285 |   1 |  327.0 |
               +--------+--------+--------+--------+--------+-----+--------+

Top non-repeatable levels by time:
     D:1: 327 daAuts
